AoeStats
← NPG | Shimishi Maki

Nomad

508084391Analyzed
4v4 RM · 11d ago on Sep 20, 2026· 33m 24s· 8 players
Game mode
Random Map
Map size
231×231
Population
200
Speed
Normal
Resources
Standard
Victory
Conquest
Starting age
Dark Age
Ending age
Imperial Age
RankedLock teamsTeams togetherTeam positionsShared explorationLock speedFull tech treeHidden civsTurbo modeCheats
Victory
Defeat
🇨🇱 Persians · Chile
1667
+7
🇨🇱 Italians · Chile
1445
+15
🇨🇱 Japanese · Chile
1441
+15
🇨🇱 Koreans · Chile
1389
+18
🇧🇷 Mongols · Brazil
1464
-15
🇧🇷 Dravidians · Brazil
1434
-14
🇧🇷 Persians · Brazil
1432
-14
🇧🇷 Koreans · Brazil
1394
-12
NPG | DR@CA
5:02 Loom
12:03 Feudal Age
12:32 Double-Bit Axe
15:16 Wheelbarrow
14:34 Gold Mining
19:56 Gold Mining
21:58 Horse Collar
24:42 Castle Age
23:49 Fletching
23:42 Fishing Lines
26:54 Husbandry
27:54 Gillnets
28:17 Padded Archer Armor
29:51 Bodkin Arrow
Manu CL
5:09 Loom
13:07 Feudal Age
17:36 Castle Age
15:52 Double-Bit Axe
20:39 Wheelbarrow
21:08 Bow Saw
27:16 Fletching
28:03 Horse Collar
29:40 Gold Mining
29:40 Stone Mining
31:06 Bodkin Arrow
31:43 Stone Mining
31:58 Elite Skirmisher
35:21 Imperial Age
34:29 Gold Shaft Mining
34:29 Stone Shaft Mining
NPG | Dequetelasdai
5:08 Loom
12:17 Feudal Age
16:13 Castle Age
17:36 Medium Warships
17:32 Fletching
17:31 Double-Bit Axe
19:49 Padded Archer Armor
19:50 Gold Mining
20:26 Bodkin Arrow
22:57 Ballistics
30:26 Wheelbarrow
30:10 Horse Collar
NPG | Shimishi Maki
5:59 Loom
14:13 Feudal Age
15:43 Fishing Lines
18:41 Castle Age
16:42 Double-Bit Axe
19:32 Medium Warships
19:33 Bow Saw
19:45 Town Watch
19:58 Gillnets
21:39 Wheelbarrow
21:42 Horse Collar
28:25 Imperial Age
26:01 Scale Barding Armor
26:19 Gold Mining
27:13 Chain Barding Armor
27:39 Bloodlines
27:29 Husbandry
29:18 Plate Barding Armor
28:06 Light Cavalry
28:16 Cavalier
30:20 Forging
32:10 Heavy Plow
32:40 Savar
[SR] Wololo
5:05 Loom
13:00 Feudal Age
16:50 Castle Age
15:45 Fletching
16:24 Double-Bit Axe
18:47 Bow Saw
18:33 Gold Mining
20:34 Fishing Lines
21:18 Bodkin Arrow
25:58 Ballistics
26:25 Town Watch
30:40 Wheelbarrow
30:06 Horse Collar
36:14 Imperial Age
Alem4Te
4:56 Loom
12:35 Feudal Age
16:31 Castle Age
14:36 Padded Archer Armor
17:47 Fletching
17:58 Double-Bit Axe
21:47 Bodkin Arrow
28:09 Ballistics
28:30 Leather Archer Armor
Bet0
7:23 Loom
11:27 Feudal Age
18:20 Fletching
26:45 Double-Bit Axe
28:37 Horse Collar
30:42 Wheelbarrow
31:59 Gold Mining
Tamy Chan
5:02 Loom
13:05 Feudal Age
13:53 Double-Bit Axe
15:37 Fletching
15:59 Fishing Lines
16:42 Padded Archer Armor
20:13 Castle Age
20:48 Wheelbarrow
20:40 Gold Mining
21:09 Medium Warships
20:50 Gillnets
21:11 Bodkin Arrow
21:32 Leather Archer Armor
24:31 Bow Saw
24:16 Demolition Ship
26:14 Hand Cart
28:40 Town Watch
30:01 Pikeman
30:50 Elite Skirmisher
Connection lost

Rejoining the realm…

Still unreachable

The connection could not be restored.

Session expired

The server has moved on; the page needs a fresh start.